 Dungeon Crawl Stone Soup version 0.21.0-24-g2553a33 (webtiles) character file.

1385 therodimus the Insei (level 8, -6/61 HPs)
             Began as a Gnoll Transmuter on Jan 20, 2018.
             Was an Initiate of Makhleb.
             Killed by nerve-wracking pain
             ... invoked by a shadow imp
              (14 damage)
             ... on level 5 of the Dungeon.
             The game lasted 00:13:55 (4917 turns).

therodimus the Insei (Gnoll Transmuter)             Turns: 4917, Time: 00:13:55

Health: -6/61      AC:  4    Str: 13    XL:     8   Next: 67%
Magic:  17/17      EV: 16    Int: 17    God:    Makhleb [......]
Gold:   265        SH:  0    Dex: 16    Spells: 7/19 levels left

rFire    . . .     SeeInvis +   u - +1 flail (protect)
rCold    . . .     Gourm    .   (no shield)
rNeg     . . .     Faith    .   b - +0 robe
rPois    .         Spirit   .   (no helmet)
rElec    .         Reflect  .   (no cloak)
rCorr    .         Harm     .   o - +0 pair of gloves
MR       .....                  i - +0 pair of boots (curse)
Stlth    ++........             x - amulet of magic regeneration
HPRegen  0.20/turn              v - ring of see invisible
MPRegen  0.40/turn              (no ring)

@: no status effects
A: distributed training, fangs 1, strong nose
a: Renounce Religion


You were on level 5 of the Dungeon.
You worshipped Makhleb.
Makhleb was noncommittal.
You were hungry.

You visited 2 branches of the dungeon, and saw 6 of its levels.

You collected 265 gold pieces.

Inventory:

Hand Weapons
 e - a +2 dagger of speed
 u - a +1 flail of protection (weapon)
Missiles
 a - 54 arrows
Armour
 b - a +0 robe (worn)
 i - a cursed +0 pair of boots (worn)
 o - a +0 pair of gloves (worn)
Jewellery
 v - a ring of see invisible (left hand)
 x - an amulet of magic regeneration (around neck)
 D - an uncursed ring of protection from fire {unknown}
Wands
 A - a wand of flame (103)
 C - a wand of acid (6)
Scrolls
 f - 5 scrolls of identify {unknown}
 j - a scroll of enchant weapon {unknown}
 p - a scroll of fog {unknown}
 q - 2 scrolls of magic mapping {unknown}
 r - 3 scrolls of immolation {unknown}
 t - a scroll of teleportation {unknown}
 y - a scroll of amnesia {unknown}
 z - 2 scrolls of remove curse {unknown}
 B - 3 scrolls of enchant armour {unknown}
Potions
 h - 2 potions of haste
 k - a potion of curing
 l - 3 potions of lignification
 m - a potion of brilliance {unknown}
 n - 2 potions of mutation {unknown}
 s - a potion of invisibility {unknown}
 w - a potion of resistance {unknown}
 F - a potion of flight {unknown}
Books
 c - a book of Changes

   Spells                             Type                      Level
   a - Beastly Appendage              Transmutation                1
   b - Sticks to Snakes               Transmutation                2
   c - Spider Form                    Transmutation/Poison         3
   d - Ice Form                       Ice/Transmutation            4
   e - Blade Hands                    Transmutation                5
 E - the Collected Works on Poisoning and Air
   (You found it on level 5 of the Dungeon)

   Spells                             Type                      Level
   a - Shock                          Conjuration/Air              1
   b - Static Discharge               Conjuration/Air              3
   c - Mephitic Cloud                 Conjuration/Poison/Air       3
   d - Airstrike                      Air                          4
   e - Tornado                        Air                          9
Comestibles
 d - 7 rations


   Skills:
 + Level 4.3 Fighting
 + Level 3.4 Short Blades
 + Level 3.4 Long Blades
 + Level 3.4 Axes
 + Level 3.4 Maces & Flails
 + Level 3.4 Polearms
 + Level 3.4 Staves
 + Level 3.4 Slings
 + Level 3.4 Bows
 + Level 3.4 Crossbows
 + Level 3.4 Throwing
 + Level 3.4 Armour
 + Level 5.8 Dodging
 + Level 3.4 Stealth
 + Level 3.4 Shields
 + Level 7.4 Unarmed Combat
 + Level 6.1 Spellcasting
 + Level 2.8 Conjurations
 + Level 2.8 Hexes
 + Level 2.8 Charms
 + Level 2.8 Summonings
 + Level 2.8 Necromancy
 + Level 2.8 Translocations
 + Level 4.7 Transmutations
 + Level 2.8 Fire Magic
 + Level 2.8 Ice Magic
 + Level 2.8 Air Magic
 + Level 2.8 Earth Magic
 + Level 2.8 Poison Magic
 + Level 3.7 Invocations
 + Level 3.4 Evocations


You had 7 spell levels left.
You knew the following spells:

 Your Spells              Type           Power        Failure   Level  Hunger
a - Beastly Appendage     Tmut           ###...       1%          1    None
b - Spider Form           Tmut/Pois      ###.......   8%          3    ##.....
c - Mephitic Cloud        Conj/Pois/Air  ##......     12%         3    ##.....
d - Blade Hands           Tmut           ###.......   43%         5    #####..


Dungeon Overview and Level Annotations

Branches:
Dungeon (5/15)             Temple (1/1) D:5

Altars:
Ashenzari
Cheibriados
Dithmenos
Fedhas
Gozag
Hepliaklqana
Kikubaaqudgha
Makhleb
Nemelex Xobeh
Okawaru
Qazlal
Ru
Trog
Vehumet
Wu Jian
Yredelemnul
Zin
The Shining One

Shops:
D:5 *

Annotations:
D:5 1 transporter


Innate Abilities, Weirdness & Mutations

Your experience applies equally to all skills.
You have very sharp teeth.
Your uncanny sense of smell can sniff out nearby items.


Message History

A shadow imp is nearby!
A shadow imp is nearby!
A shadow imp is nearby!
A shadow imp is nearby!
A shadow imp is nearby!
A shadow imp is nearby!
A shadow imp is nearby!
The shadow imp gestures at you. Pain shoots through your body!
* * * LOW HITPOINT WARNING * * *
The shadow imp laughs crazily.
The shadow imp gestures at you. Pain shoots through your body!
* * * LOW HITPOINT WARNING * * *
The shadow imp gestures at you. Pain shoots through your body!
* * * LOW HITPOINT WARNING * * *
The shadow imp gestures at you. Pain shoots through your body!
You die...

#.# #.# #.#.# ##.. #.# #.# #.#.#
##.## #.####.# #.#.## ##.##
#....#.# #.#..# #.##
#####....###.##.# #.#
#.....©......##.# #.##
#.#########..##.# ##.##
#.#8≈.©.P8#..##.# ##.##
########.#≈....@P#..#..# ##..
##........####'####..#.## #.#
...######.#5≈...≈5#....# #.#
#.........#5≈...≈o#.##.########.#
##.######.#.≈≈P≈≈.#.##..........#
#..######.#.≈P⌠≈≈.#.##.##########
..........#.≈≈≈≈≈.#....#
##.######.#.≈...≈.#.#### #.#
#.#.≈...≈.#.#


You could see an orc priest and 3 shadow imps.

Vanquished Creatures
  The ghost of Wesley the Cleaver, a novice HOMo of Beogh (D:5)
  Grinder (D:4)
  A water moccasin (D:5)
  A sky beast (D:5)
  A scorpion (D:5)
  2 crimson imps (D:5)
  2 hounds (D:4)
  An orc priest (D:3)
  2 iguanas
  Natasha (thrice) (D:3)
  Terence (D:3)
  7 river rats (D:4)
  3 adders
  An ooze (D:1)
  2 worms (D:2)
  2 leopard geckos
  4 orcs
  3 giant cockroaches
  5 goblins
  6 hobgoblins
  2 jackals (D:3)
  9 kobolds
  A quokka (D:4)
  A ball python (D:1)
  6 bats
  7 frilled lizards
  A jackal zombie (D:5)
  A leopard gecko skeleton (D:5)
  A quokka skeleton (D:4)
  21 rats
99 creatures vanquished.

Vanquished Creatures (others)
  A fungus (D:3)
  2 plants (D:5)
3 creatures vanquished.

Grand Total: 102 creatures vanquished

Notes
Turn   | Place    | Note
-------+----------+-------------------------------------------
     0 | D:1      | therodimus the Gnoll Transmuter began the quest for the Orb.
     0 | D:1      | Reached XP level 1. HP: 17/17 MP: 6/6
    71 | D:1      | Reached XP level 2. HP: 23/23 MP: 7/7
   981 | D:2      | Reached XP level 3. HP: 16/28 MP: 9/9
  1156 | D:2      | Found an iron altar of Okawaru.
  1163 | D:2      | Reached skill level 5 in Spellcasting
  1339 | D:2      | Learned a level 3 spell: Spider Form
  1357 | D:2      | Reached skill level 1 in Invocations
  1544 | D:2      | Reached skill level 1 in Short Blades
  1544 | D:2      | Reached skill level 1 in Long Blades
  1544 | D:2      | Reached skill level 1 in Axes
  1544 | D:2      | Reached skill level 1 in Maces & Flails
  1544 | D:2      | Reached skill level 1 in Polearms
  1544 | D:2      | Reached skill level 1 in Staves
  1544 | D:2      | Reached skill level 1 in Slings
  1544 | D:2      | Reached skill level 1 in Bows
  1544 | D:2      | Reached skill level 1 in Crossbows
  1544 | D:2      | Reached skill level 1 in Throwing
  1544 | D:2      | Reached skill level 1 in Armour
  1544 | D:2      | Reached skill level 1 in Stealth
  1544 | D:2      | Reached skill level 1 in Shields
  1544 | D:2      | Reached skill level 1 in Evocations
  1585 | D:2      | Reached XP level 4. HP: 16/34 MP: 11/11
  1780 | D:3      | Found a blossoming altar of Fedhas.
  1789 | D:3      | Noticed Terence
  1796 | D:3      | Killed Terence
  1846 | D:3      | Reached skill level 1 in Conjurations
  1846 | D:3      | Reached skill level 1 in Hexes
  1846 | D:3      | Reached skill level 1 in Charms
  1846 | D:3      | Reached skill level 1 in Summonings
  1846 | D:3      | Reached skill level 1 in Necromancy
  1846 | D:3      | Reached skill level 1 in Translocations
  1846 | D:3      | Reached skill level 1 in Fire Magic
  1846 | D:3      | Reached skill level 1 in Ice Magic
  1846 | D:3      | Reached skill level 1 in Air Magic
  1846 | D:3      | Reached skill level 1 in Earth Magic
  1846 | D:3      | Reached skill level 1 in Poison Magic
  1865 | D:3      | Reached XP level 5. HP: 18/40 MP: 9/12
  2107 | D:3      | Noticed Natasha
  2119 | D:3      | Killed Natasha
  2305 | D:3      | Noticed Natasha
  2312 | D:3      | Killed Natasha
  2418 | D:3      | Noticed Natasha
  2425 | D:3      | Killed Natasha
  2646 | D:4      | Reached XP level 6. HP: 47/47 MP: 10/13
  2809 | D:4      | Noticed Grinder
  2834 | D:4      | Killed Grinder
  2834 | D:4      | Reached skill level 5 in Dodging
  2834 | D:4      | Reached XP level 7. HP: 15/52 MP: 13/15
  3023 | D:4      | Reached skill level 7 in Unarmed Combat
  3260 | D:4      | Found a stormy altar of Qazlal.
  3457 | D:5      | Entered Level 5 of the Dungeon
  3501 | D:5      | Found a radiant altar of Vehumet.
  3557 | D:5      | Identified the Collected Works on Poisoning and Air
  3830 | D:5      | Found Gozag's Platinum Reserve.
  3860 | D:5      | Found a transporter.
  3894 | D:5      | Found a transporter.
  3894 | D:5      | Noticed Wesley's ghost (novice HOMo)
  3951 | D:5      | Found a staircase to the Ecumenical Temple.
  3992 | D:5      | Reached XP level 8. HP: 36/60 MP: 16/16
  4016 | Temple   | Entered the Ecumenical Temple
  4264 | Temple   | Became a worshipper of Makhleb the Destroyer
  4309 | D:5      | Learned a level 3 spell: Mephitic Cloud
  4315 | D:5      | Learned a level 5 spell: Blade Hands
  4608 | D:5      | Found an opulent altar of Gozag.
  4871 | D:5      | Killed Wesley's ghost
  4917 | D:5      | Killed from afar by a shadow imp

Skill      XL: |  1  2  3  4  5  6  7  8 |
---------------+-------------------------+-----
Spellcasting   | 5 6 |  6.1
Invocations    | 1 2 3 |  3.7
Short Blades   | 1 2 3 |  3.4
Long Blades    | 1 2 3 |  3.4
Axes           | 1 2 3 |  3.4
Maces & Flails | 1 2 3 |  3.4
Polearms       | 1 2 3 |  3.4
Staves         | 1 2 3 |  3.4
Slings         | 1 2 3 |  3.4
Bows           | 1 2 3 |  3.4
Crossbows      | 1 2 3 |  3.4
Throwing       | 1 2 3 |  3.4
Armour         | 1 2 3 |  3.4
Stealth        | 1 2 3 |  3.4
Shields        | 1 2 3 |  3.4
Evocations     | 1 2 3 |  3.4
Conjurations   | 1 2 |  2.8
Hexes          | 1 2 |  2.8
Charms         | 1 2 |  2.8
Summonings     | 1 2 |  2.8
Necromancy     | 1 2 |  2.8
Translocations | 1 2 |  2.8
Fire Magic     | 1 2 |  2.8
Ice Magic      | 1 2 |  2.8
Air Magic      | 1 2 |  2.8
Earth Magic    | 1 2 |  2.8
Poison Magic   | 1 2 |  2.8
Fighting       | 3 4 |  4.3
Transmutations | 4 |  4.7
Dodging        | 5 |  5.8
Unarmed Combat | 7 |  7.4

Action                   |  1- 3 |  4- 6 |  7- 9 || total
-------------------------+-------+-------+-------++-------
Melee: Unarmed           |    11 |    50 |    62 ||   123
       Bite              |     9 |     5 |     4 ||    18
       Punch             |     5 |     3 |     4 ||    12
       Short sword       |   108 |       |       ||   108
       Club              |     7 |       |       ||     7
       Dagger            |    25 |     1 |       ||    26
       Headbutt          |     3 |       |     3 ||     6
       Flail             |       |    54 |   102 ||   156
 Cast: Spider Form       |     1 |     7 |     6 ||    14
       Beastly Appendage |     1 |       |     1 ||     2
  Use: Potion            |     2 |     1 |     6 ||     9
 Stab: Sleeping          |     4 |     1 |     1 ||     6
       Distracted        |       |     1 |     1 ||     2
  Eat: Chunk             |     2 |     4 |     4 ||    10
       Ration            |       |       |     1 ||     1
Armor: Robe              |    44 |    22 |    18 ||    84
       Skin              |       |     1 |    15 ||    16
Dodge: Dodged            |   161 |    89 |    96 ||   346
